 Dungeon Crawl Stone Soup version 0.27.1 (webtiles) character file.

Game seed: 15197487473929350391

864 ZARRMARR the Sneak (level 8, 0/54 HPs)
             Began as an Octopode Conjurer on Sept 4, 2021.
             Slain by Blork the orc (12 damage)
             ... on level 6 of the Dungeon.
             The game lasted 00:20:19 (5932 turns).

ZARRMARR the Sneak (Octopode Conjurer)              Turns: 5932, Time: 00:20:20

Health: 0/54       AC:  5    Str:  6    XL:     8   Next: 3%
Magic:  14/14      EV: 14    Int: 22    God:
Gold:   247        SH:  0    Dex: 11    Spells: 12/15 levels left

rFire    . . .     SeeInvis .   (no weapon)
rCold    . . .     Faith    .   (no shield)
rNeg     . . .     Spirit   .   (helmet restricted)
rPois    .         Reflect  .   b - amulet of magic regeneration
rElec    .         Harm     .   d - +4 ring of protection
rCorr    .         Rampage  .   (no ring)
Will     .....                  (no ring)
Stlth    ++++......             (no ring)
HPRegen  0.18/turn              (no ring)
MPRegen  0.39/turn              (no ring)
                                (no ring)
                                (no ring)

@: flying, studying Short Blades
A: almost no armour, amphibious, 8 rings, camouflage 1, gelatinous body 1,
(nimble swimmer 1), tentacles
a: no special abilities


You were on level 6 of the Dungeon.
You visited 2 branches of the dungeon, and saw 7 of its levels.

You collected 247 gold pieces.

Inventory:

Jewellery
 b - an amulet of magic regeneration (around mantle)
 d - a +4 ring of protection (left tentacle)
Scrolls
 c - a scroll of enchant armour
 l - a scroll of immolation
 m - a scroll of magic mapping {unknown}
Potions
 a - 3 potions of curing
 e - a potion of resistance {unknown}
 f - a potion of heal wounds {unknown}
 g - a potion of degeneration {unknown}
 h - a potion of flight
 i - 2 potions of magic
 j - a potion of experience {unknown}
 k - a potion of berserk rage {unknown}


   Skills:
 + Level 3.7 Fighting
 + Level 4.3 Dodging
 + Level 6.1 Stealth
 + Level 4.0 Spellcasting
 + Level 5.5 Conjurations


You had 12 spell levels left.
You knew the following spells:

 Your Spells              Type           Power      Damage    Failure   Level
a - Magic Dart            Conj           100%       1d8       1%          1
b - Searing Ray           Conj           56%        3d5       1%          2

Your spell library contained the following spells:

 Spells                   Type           Power      Damage    Failure   Level
 Beastly Appendage        Tmut           8%         N/A       11%         1
 Summon Small Mammal      Summ           16%        N/A       11%         1
 Dazzling Flash           Conj/Hex       32%        N/A       11%         3
 Wereblood                Tmut           4%         N/A       17%         2
 Call Canine Familiar     Summ           4%         N/A       32%         3
 Ozocubu's Armour         Ice            4%         N/A       32%         3
 Spider Form              Tmut/Pois      2%         N/A       32%         3
 Summon Guardian Golem    Hex/Summ       4%         N/A       32%         3
 Fulminant Prism          Conj/Hex       8%         3d7       34%         4
 Iskenderun's Mystic Bla  Conj/Tloc      16%        2d5       34%         4
 Metabolic Englaciation   Hex/Ice        2%         N/A       97%         5
 Simulacrum               Ice/Necr       2%         N/A       100%        6


Dungeon Overview and Level Annotations

Branches:
Dungeon (6/15)             Temple (1/1) D:5

Altars:
Cheibriados
Dithmenos
Gozag
Hepliaklqana
Kikubaaqudgha
Makhleb
Nemelex Xobeh
Okawaru
Ru
Vehumet
Wu Jian
Xom
Yredelemnul
Zin

Shops:
D:3 :

Annotations:
D:5 Sigmund
D:6 Blork the orc


Innate Abilities, Weirdness & Mutations

You cannot wear most types of armour.
You are amphibious.
You can wear up to eight rings at the same time.
Your skin changes colour to match your surroundings (Stealth+).
Your rubbery body absorbs attacks. (AC +1, EV +1)
((You are camouflaged near water. (Stealth+)))
You have tentacles for arms and can constrict up to eight enemies at once.


Message History

Blork the orc is moderately wounded.
Blork the orc zaps a wand.
The puff of flame hits you!
A bullfrog comes into view.
Casting: Magic Dart (safe; 1% risk of failure)
Confirm with . or Enter, or press ? or * to list all spells.
Aiming: Searing Ray (safe; 1% risk of failure)
Press: ? - help, Shift-Dir - straight line, f/p - Blork the orc
Aim: Blork the orc, wielding a +0 glaive, wearing a +0 robe and carrying a wand of flame (13) (moderately wounded, fast, 82% to hit)
You miscast Searing Ray.
You are very lightly contaminated with residual magic.
Nothing appears to happen.
An orc comes into view. It is wielding a +0 club.
Blork the orc zaps a wand.
The puff of flame hits you.
Casting: Searing Ray (safe; 1% risk of failure)
Confirm with . or Enter, or press ? or * to list all spells.
Aiming: Magic Dart (safe; 1% risk of failure)
Press: ? - help, Shift-Dir - straight line, f/p - Blork the orc
Aim: Blork the orc, wielding a +0 glaive, wearing a +0 robe and carrying a wand of flame (12) (moderately wounded, fast, 100% to hit)
The magic dart hits Blork the orc.
Blork the orc is heavily wounded.
Unknown command.
Unknown command.
Blork the orc zaps a wand.
The puff of flame hits you.
You open the door.
Blork the orc hits you from afar with a +0 glaive!
Blork the orc hits you from afar with a +0 glaive.
* * * LOW HITPOINT WARNING * * *
There is an open door, spattered with blood here.
Your magical contamination has completely faded away.
Blork the orc zaps a wand.
The puff of flame hits you but does no damage.
Blork the orc looks encouraged for a moment.
It was a potion of magic.
Magic courses through your body.
Unknown command.
It was a potion of flight.
You feel very buoyant.
You fly up into the air.
The bullfrog hits you.
* * * LOW HITPOINT WARNING * * *
Blork the orc hits you from afar with a +0 glaive!
You die...

######## ##. .# #......# .
... .# #......# #. ..# .#
###......# .#.. #.#
####.'....... ...
#.###....#.......
#####.##........#.......
.........##.##..#.......
.......@##...##.........
######.F#.#...#.#.#####.
####o...#.#...#.......
#.....#..)#.#.########
#.....##...##.........
#.#####......##)##..########
.o.F)...............#.######
...########.#####.#.#.......
#####.#####.#.#.######


You could see Blork the orc (fast) and a bullfrog.

Vanquished Creatures
  An ogre (D:5)
  3 centaurs
  A water moccasin skeleton (D:5)
  A hound (D:4)
  A jelly (D:4)
  2 bullfrog skeletons
  An orc priest (D:6)
  A centaur skeleton (D:6)
  3 iguanas
  An orc wizard (D:6)
  A killer bee zombie (D:6)
  A howler monkey zombie (D:6)
  4 gnolls
  3 adders (D:2)
  A white imp (D:4)
  3 worms
  A dart slug (D:2)
  14 orcs
  2 ball pythons (D:1)
  9 endoplasms
  6 giant cockroaches
  4 goblins
  9 hobgoblins
  3 quokkas (D:1)
  3 bats
  2 frilled lizards
  4 kobolds
  8 rats
93 creatures vanquished.

Notes
Turn   | Place    | Note
-------+----------+-------------------------------------------
     0 | D:1      | ZARRMARR the Octopode Conjurer began the quest for the Orb.
     0 | D:1      | Reached XP level 1. HP: 11/11 MP: 3/3
   293 | D:1      | Found a faded altar of an unknown god.
   519 | D:1      | Reached XP level 2. HP: 18/18 MP: 5/5
   529 | D:1      | Reached skill level 3 in Stealth
  1498 | D:2      | Reached XP level 3. HP: 22/22 MP: 2/6
  1561 | D:2      | Reached skill level 1 in Fighting
  1874 | D:2      | Reached XP level 4. HP: 28/28 MP: 4/7
  2847 | D:3      | Found Tesuu's Book Boutique.
  3093 | D:4      | Reached XP level 5. HP: 34/34 MP: 3/9
  3243 | D:4      | Reached skill level 4 in Stealth
  3635 | D:4      | Found an ancient bone altar of Kikubaaqudgha.
  3652 | D:4      | Reached XP level 6. HP: 33/40 MP: 0/10
  3977 | D:4      | Found a sacrificial altar of Ru.
  4029 | D:5      | Entered Level 5 of the Dungeon
  4257 | D:5      | Found a staircase to the Ecumenical Temple.
  4447 | Temple   | Entered the Ecumenical Temple
  4853 | D:5      | Reached skill level 5 in Stealth
  4853 | D:5      | Reached skill level 5 in Conjurations
  4978 | D:5      | Reached XP level 7. HP: 28/45 MP: 7/12
  5228 | D:5      | Noticed Sigmund
  5577 | D:6      | Learned a level 2 spell: Searing Ray
  5788 | D:6      | Reached skill level 6 in Stealth
  5864 | D:6      | Reached XP level 8. HP: 54/54 MP: 3/14
  5915 | D:6      | Noticed Blork the orc
  5932 | D:6      | Slain by Blork the orc

Illustrated notes

Levels and vault maps discovered:
D:1:      dpeg_arrival_chambers_temple_mockup, layout_loops_ring,
          hellmonk_ecumenical_altar_crossroads, kennysheep_decorative_pillar,
          amcnicky_mini_pool_small, lemuel_flame_loot_1
D:2:      layout_rooms, minmay_worlds_worst_comb
D:3:      layout_basic, serial_shops, shop
D:4:      layout_loops_corners, mainiacjoe_overflow_small_starburst,
          mainiacjoe_overflow_alcove_4
D:5:      layout_loops_ring, minmay_temple_entry_statues_pillars, uniq_sigmund
D:6:      layout_basic, elyvilon_altar_5, minmay_stone_trees_medium,
          minmay_manual_mares, uniq_blork_the_orc
Temple:   minmay_temple_forest_path

Skill      XL: |  1  2  3  4  5  6  7 |
---------------+----------------------+-----
Stealth        | 3 4 5 6 |  6.1
Fighting       | 1 2 3 |  3.7
Dodging        | 3 4 |  4.3
Spellcasting   | 3 4 |  4.0
Conjurations   | 5 |  5.5

Action                   |  1- 3 |  4- 6 |  7- 9 || total
-------------------------+-------+-------+-------++-------
Melee: Unarmed           |     9 |    29 |     2 ||    40
       Constrict         |     3 |     9 |     2 ||    14
       Tentacles         |     1 |     7 |       ||     8
 Cast: Magic Dart        |    49 |   149 |    57 ||   255
       Searing Ray       |       |       |    18 ||    18
Evoke: Wand              |       |       |     6 ||     6
  Use: Scroll            |     2 |     4 |     2 ||     8
       Potion            |       |     1 |     2 ||     3
 Stab: Sleeping          |     2 |       |       ||     2
Armor: Skin              |     5 |    16 |     5 ||    26
Dodge: Dodged            |    11 |    59 |     8 ||    78
